Map: Lerilak Crest

Players

AgCl - Winner!

  • Race: Protoss Protoss

IIIIIIIIIIII

  • Race: Terran Terran

VOD

Have the link to the VOD?

Description

Time

  • Played on: April 30, 2015, 10:44 p.m.
  • Length: 8:23
Show
View Real Time Build Order
Export as new Build Order

AgCl Protoss - Winner!

Build Orders: Oracle Opening, Oracle Opening, Carrier Rush 

Get SALT Encoding   

  12  0:15  Pylon  
  12  0:18  Assimilator  
  12  0:19  Probe  
  13  0:31  Probe  
  14  0:41  Gateway  
  14  0:43  Probe (Chrono Boost)  
  15  0:53  Probe (Chrono Boost)  
  15  0:56  Assimilator  
  16  1:00  Probe  
  17  1:09  Pylon  
  17  1:12  Probe (Chrono Boost)  
  18  1:24  Probe (Chrono Boost)  
  19  1:30  Probe (Chrono Boost)  
  19  1:32  Cybernetics Core  
  20  1:41  Probe (Chrono Boost)  
  21  1:49  Probe (Chrono Boost)  
  22  1:58  Probe, Pylon  
  23  2:11  Stargate  
  23  2:13  Warp Gate  
  23  2:18  Mothership Core (Chrono Boost)  
  25  2:36  Probe  
  26  2:40  Nexus  
  26  2:48  Probe  
  27  2:55  Oracle (Chrono Boost)  
  30  3:00  Probe  
  31  3:06  Forge  
  31  3:22  Fleet Beacon  
  31  3:23  Probe  
  32  3:44  Carrier (Chrono Boost)  
  32  3:47  Probe (Chrono Boost)  
  33  3:54  Probe (Chrono Boost)  
  36  4:03  Probe (Chrono Boost)  
  36  4:04  Probe (Chrono Boost)  
  42  4:10  Probe (Chrono Boost)  
  42  4:13  Pylon  
  42  4:14  Probe (Chrono Boost), Assimilator  
  44  4:22  Probe (Chrono Boost)  
  45  4:29  Probe (Chrono Boost), Photon Cannon  
  47  4:33  Probe (Chrono Boost)  
  47  4:37  Probe (Chrono Boost)  
  48  4:43  Probe (Chrono Boost)  
  48  4:44  Probe (Chrono Boost)  
  50  4:51  Probe  
  51  4:55  Probe, Protoss Air Weapons Level 1  
  51  4:59  Stargate  
  52  5:00  Graviton Catapult (Chrono Boost)  
  52  5:01  Pylon  
  52  5:10  Probe  
  52  5:11  Probe  
  52  5:13  Assimilator  
  54  5:18  Pylon  
  54  5:19  Carrier (Chrono Boost)  
  54  5:23  Probe x2  
  56  5:35  Probe x2  
  60  5:37  Photon Cannon  
  60  5:39  Carrier (Chrono Boost)  
  60  5:40  Gateway  
  61  5:47  Probe x2  
  69  6:04  Probe x2  
  69  6:09  Gateway  
  71  6:12  Pylon  
  71  6:16  Probe  
  72  6:32  Probe  
  73  6:41  Gateway  
  73  6:43  Gateway, Pylon  
  73  6:45  Gateway  
  73  6:54  Pylon  
  73  7:01  Twilight Council  
  73  7:04  Pylon  
  73  7:12  Probe  
  74  7:22  Nexus  
  74  7:25  Pylon x2  
  74  7:26  Stargate  
  74  7:30  Pylon  
  74  7:47  Zealot  
  74  7:48  Zealot  
  83  8:07  Nexus  
  83  8:09  Photon Cannon  
  83  8:11  Zealot  
  83  8:12  Zealot  
  87  8:13  Assimilator  
  87  8:17  Assimilator  
  87  8:18  Pylon  
Show
View Real Time Build Order
Export as new Build Order

IIIIIIIIIIII Terran 

Build Orders:  

Get SALT Encoding   

  12  0:05  SCV  
  13  0:17  SCV  
  14  0:29  SCV  
  14  0:32  Supply Depot  
  15  0:54  SCV  
  16  0:59  Barracks  
  16  1:06  SCV  
  17  1:18  SCV  
  18  1:32  Command Center  
  18  1:33  SCV  
  18  1:36  Refinery  
  18  1:37  Refinery  
  19  1:42  Supply Depot  
  19  1:51  Orbital Command  
  19  1:54  Marine  
  20  2:11  Bunker, Marine  
  21  2:31  SCV  
  21  2:34  Barracks Reactor  
  22  2:43  Factory  
  23  2:49  Orbital Command  
  22  3:03  SCV  
  23  3:15  SCV  
  23  3:16  SCV  
  25  3:27  Marine x2  
  25  3:28  SCV x2, Factory Tech Lab  
  29  3:34  Starport  
  29  3:41  SCV x2  
  29  3:43  Factory  
  31  3:53  SCV x2  
  31  3:55  Factory  
  33  4:05  Supply Depot, SCV  
  33  4:06  SCV  
  33  4:09  Supply Depot  
  35  4:13  Hellion  
  37  4:18  SCV x2  
  37  4:20  Starport Tech Lab  
  39  4:30  SCV x2  
  41  4:31  Refinery  
  41  4:38  Factory Tech Lab  
  41  4:42  SCV x2  
  38  4:54  Viking x2, Refinery, Engineering Bay  
  42  5:11  SCV x2  
  44  5:20  Factory Reactor  
  42  5:21  Cyclone  
  42  5:23  SCV x2  
  42  5:24  Viking x2  
  42  5:26  Missile Turret  
  44  5:35  SCV x2  
  46  5:47  SCV x2  
  48  5:59  SCV x2  
  60  6:12  SCV x2  
  52  6:19  Cyclone x2  
  52  6:21  Command Center  
  52  6:24  SCV x2  
  60  6:36  SCV x2  
  62  6:48  Infernal Pre-Igniter  
  62  6:52  Command Center  
  62  7:08  Hellion  
  62  7:23  Supply Depot  
  62  7:24  Supply Depot x2  
  62  7:26  Supply Depot  
  62  7:33  SCV x2, Hellion, Viking x2  
  62  7:36  Supply Depot  
  68  7:45  SCV x2  
  68  7:47  Hellion  
  63  7:57  SCV  
  58  8:00  Armory  
  58  8:01  Armory  
  60  8:08  SCV  
Tags
 
Add a new tag
Caveats
  • Supply blocks, unpowered buildings, or Contaminate may cause inaccurate times.
  • Supply counts are checked every 10 seconds.